 Dungeon Crawl Stone Soup version 0.20-a0-967-g62cfa5d (webtiles) character file.

64 Lifeless the Slasher (level 3, -8/28 HPs)
             Began as a Demonspawn Gladiator on Apr 7, 2017.
             Mangled by Malvoorn's ghost (11 damage)
             ... on level 3 of the Dungeon.
             The game lasted 00:09:32 (2073 turns).

Lifeless the Slasher (Demonspawn Gladiator)         Turns: 2073, Time: 00:09:32

Health: -8/28      AC:  4    Str: 14    XL:     3   Next: 91%
Magic:  3/3        EV: 13    Int: 14    God:
Gold:   167        SH:  0    Dex: 19    Spells: 2/2 levels left

rFire    + . .     SeeInvis .   a - +0 long sword
rCold    + . .     Gourm    .   (no shield)
rNeg     . . .     Faith    .   b - +0 leather armour
rPois    +         Spirit   .   c - +0 helmet
rElec    +         Reflect  .   (no cloak)
rCorr    +         Harm     .   (no gloves)
MR       .....                  (no boots)
Stlth    +.........             (no amulet)
Regen    0.1/turn               r - +4 ring of dexterity
MPRegen  0.1/turn               (no ring)

@: brilliant, resistant
A: powered by death 1, spiny 1
a: no special abilities


You were on level 3 of the Dungeon.
You were hungry.

You visited 1 branch of the dungeon, and saw 3 of its levels.

You collected 167 gold pieces.

Inventory:

Hand Weapons
 a - a +0 long sword (weapon)
Missiles
 d - 3 throwing nets
 e - 76 stones (quivered)
Armour
 b - a +0 leather armour (worn)
 c - a +0 helmet (worn)
 o - a +0 plate armour
Jewellery
 r - a +4 ring of dexterity (left hand)
Scrolls
 h - a scroll of enchant armour {unknown}
 i - 4 scrolls of remove curse {unknown}
 l - a scroll of identify {unknown}
 m - a scroll of fog {unknown}
 q - a scroll of amnesia {unknown}
Potions
 p - a potion of resistance
Comestibles
 f - 3 bread rations
 g - a royal jelly


   Skills:
 + Level 2.7 Fighting
 * Level 3.7 Long Blades
 - Level 1.7 Throwing
 + Level 0.0 Armour
 + Level 3.1 Dodging


You had 2 spell levels left.
You didn't know any spells.

Dungeon Overview and Level Annotations

Branches:
Dungeon (3/15)

Altars:
Sif Muna
Trog

Annotations:
D:3 Malvoorn's ghost, amateur DsGl


Innate Abilities, Weirdness & Mutations

You regenerate a little health from kills.
You are partially covered in sharp spines.


Message History

You closely miss Malvoorn's ghost.
Malvoorn's ghost is lightly damaged.
Malvoorn's ghost hits you.
You hit Malvoorn's ghost.
Malvoorn's ghost is moderately damaged.
Malvoorn's ghost misses you.
You barely miss Malvoorn's ghost.
Malvoorn's ghost is moderately damaged.
Malvoorn's ghost is struck by your spines.
Malvoorn's ghost hits you.
Malvoorn's ghost grins evilly.
Malvoorn's ghost hits you but does no damage.
You closely miss Malvoorn's ghost.
Malvoorn's ghost is moderately damaged.
Malvoorn's ghost hits you!
* * * LOW HITPOINT WARNING * * *
You hit Malvoorn's ghost.
Malvoorn's ghost is moderately damaged.
Malvoorn's ghost hits you!
You die...

... ..# #.# #####. #..## #.#
...#. ##....# #.# ..... #..##.#
#.# ...#######.# #.# #.#
.....##....###.#####.#
.............÷.......########.#
.>......#."....)@W.............
........#...................###
####....#........#.#..<##...#
..##.....#######.._(...........
#.#####...#...#..#.#.##########
#.# #....†.....##...# ..#
#...).......######
..###...###.###.# ...##..## #+#
###


You could see Malvoorn's ghost.

Vanquished Creatures
  An adder (D:2)
  An ooze (D:2)
  A worm (D:2)
  2 dart slugs
  3 leopard geckos
  4 bats
  2 giant cockroaches
  6 goblins
  3 hobgoblins
  6 kobolds
  A quokka (D:2)
  A ball python (D:1)
  2 frilled lizards (D:1)
  10 rats
43 creatures vanquished.

Notes
Turn   | Place    | Note
-------+----------+-------------------------------------------
     0 | D:1      | Lifeless the Demonspawn Gladiator began the quest for the Orb.
     0 | D:1      | Reached XP level 1. HP: 16/16 MP: 1/1
   227 | D:1      | Gained mutation: You regenerate a little health from kills. [demonic ancestry]
   227 | D:1      | Reached XP level 2. HP: 21/22 MP: 2/2
  1247 | D:2      | Gained mutation: You are partially covered in sharp spines. [demonic ancestry]
  1247 | D:2      | Reached XP level 3. HP: 28/28 MP: 3/3
  1597 | D:2      | Found a bloodstained altar of Trog.
  1786 | D:3      | Found a deep blue altar of Sif Muna.
  1865 | D:3      | Noticed Malvoorn's ghost (amateur DsGl)
  2073 | D:3      | Mangled by Malvoorn's ghost

Vault maps used:
D:1:      moated_graveyard_arrival, minivault_27, minmay_distorted
D:2:      trog_three_pillars_becter
D:3:      gammafunk_temple_overflow_elements, lemuel_crystal_altar, uniq_robin

Skill      XL: |  1  2  3 |
---------------+----------+-----
Long Blades    | 3 |  3.7
Dodging        | 3 |  3.1
Fighting       | |  2.7
Throwing       | |  1.7

Action                   || total
-------------------------++-------
Melee: Long sword        ||   106
Throw: Stone             ||    12
  Use: Potion            ||     4
 Stab: Sleeping          ||     1
  Eat: Chunk             ||     3
Armor: Leather armour    ||    28
Dodge: Dodged            ||    53
       Rpst.: Long sword ||    11
